Map: [ESL] Gresvan

Players

Kelazhur - Winner!

  • Race: Terran Terran
  • League: Master
  • Spawn Location: 11:00

ForJumY

  • Race: Protoss Protoss
  • Spawn Location: 5:00

Event: HomeStory Cup XXIII

VOD

Have the link to the VOD?

Description

Time

  • Played on: June 30, 2023, 7:16 a.m.
  • Length: 5:55

All games in this series

Show
View Real Time Build Order
Export as new Build Order

Kelazhur Terran - Winner!

Build Orders: Reaper Expand 

Get SALT Encoding   

  12  0:00  SCV  
  13  0:12  SCV  
  14  0:17  Supply Depot  
  14  0:24  SCV  
  15  0:38  SCV  
  15  0:39  Barracks  
  15  0:42  Refinery  
  16  0:50  SCV  
  17  1:02  SCV  
  18  1:14  SCV  
  19  1:26  Orbital Command  
  19  1:27  Reaper  
  20  1:39  Command Center  
  20  1:49  Supply Depot  
  20  1:52  SCV  
  21  1:58  Marine  
  22  2:04  SCV  
  22  2:06  Factory  
  23  2:16  Bunker, Marine  
  23  2:17  SCV  
  25  2:29  SCV  
  27  2:37  Barracks Reactor  
  27  2:41  SCV, Refinery  
  27  2:50  Orbital Command, Hellion  
  29  2:53  SCV  
  29  2:58  Starport  
  30  3:05  SCV  
  30  3:14  Widow Mine  
  30  3:17  SCV  
  34  3:20  SCV  
  34  3:21  Marine x2  
  34  3:24  Supply Depot  
  36  3:29  SCV  
  37  3:35  Widow Mine  
  37  3:38  SCV, Medivac  
  42  3:43  SCV, Marine x2  
  45  3:54  SCV  
  45  3:55  SCV  
  47  3:59  Factory Tech Lab  
  47  4:01  Marine x2  
  48  4:05  Barracks  
  48  4:06  SCV  
  48  4:07  Barracks, SCV  
  48  4:13  Engineering Bay  
  48  4:16  Supply Depot  
  48  4:17  Starport Tech Lab  
  48  4:20  Siege Tank  
  48  4:23  Marine x2  
  53  4:27  SCV  
  54  4:34  Supply Depot  
  54  4:38  Raven, SCV  
  57  4:39  SCV  
  57  4:43  Marine x2, Bunker  
  60  4:50  SCV  
  60  4:51  SCV  
  62  4:58  Marine, Siege Tank  
  62  4:59  Marine  
  67  5:00  Marine  
  67  5:01  Marine  
  67  5:06  SCV  
  70  5:27  Supply Depot  
  70  5:28  Marine x2, SCV x2  
  76  5:41  SCV x2  
Show
View Real Time Build Order
Export as new Build Order

ForJumY Protoss 

Build Orders:  

Get SALT Encoding   

  12  0:00  Probe  
  13  0:12  Probe  
  14  0:17  Pylon  
  14  0:24  Probe  
  15  0:35  Gateway  
  15  0:37  Probe (Chrono Boost)  
  16  0:47  Probe (Chrono Boost), Assimilator  
  17  0:52  Probe (Chrono Boost)  
  18  1:03  Probe  
  19  1:16  Probe  
  20  1:22  Cybernetics Core  
  20  1:24  Zealot  
  22  1:36  Pylon  
  22  1:48  Nexus  
  22  1:56  Adept (Chrono Boost)  
  22  1:58  Probe  
  25  2:02  Warp Gate  
  24  2:10  Probe, Assimilator  
  25  2:19  Adept  
  27  2:23  Probe  
  28  2:35  Probe  
  29  2:46  Twilight Council  
  29  2:47  Probe  
  30  3:00  Probe (Chrono Boost)  
  30  3:04  Probe (Chrono Boost)  
  30  3:05  Gateway  
  32  3:10  Probe (Chrono Boost)  
  34  3:13  Probe (Chrono Boost)  
  34  3:15  Probe (Chrono Boost)  
  35  3:23  Probe, Charge  
  35  3:26  Probe  
  36  3:35  Probe  
  36  3:39  Probe  
  37  3:45  Gateway  
  37  3:47  Probe, Pylon  
  38  3:55  Stalker  
  38  3:56  Probe  
  38  4:04  Gateway  
  38  4:08  Gateway  
  37  4:13  Probe (Chrono Boost)  
  39  4:18  Probe (Chrono Boost)  
  39  4:20  Gateway  
  39  4:24  Probe (Chrono Boost)  
  40  4:28  Gateway  
  40  4:34  Gateway  
  40  4:37  Zealot  
  42  4:41  Pylon  
  42  4:46  Zealot x2  
  37  4:56  Zealot  
  39  5:05  Zealot x2  
  43  5:07  Zealot  
  45  5:14  Zealot  
  45  5:15  Sentry  
  45  5:20  Zealot  
  49  5:24  Zealot  
  46  5:30  Zealot  
  41  5:37  Zealot  
Tags
 
Add a new tag
Caveats
  • Supply blocks, unpowered buildings, or Contaminate may cause inaccurate times.
  • Supply counts are checked every 10 seconds.